 Dungeon Crawl Stone Soup version 0.27.1 (webtiles) character file.

Game seed: 18255487675581595232

856 Destapler the Cudgeller (level 7, 0/58 (59) HPs)
             Began as a Palentonga Monk on Aug 28, 2021.
             Was a High Priest of Lugonu.
             Slain by a necrophage (1 damage)
             ... on level 5 of the Dungeon.
             The game lasted 00:14:21 (5216 turns).

Destapler the Cudgeller (Palentonga Monk)           Turns: 5216, Time: 00:14:21

HP:   0/58 (59)     AC: 13    Str: 17    XL:     7   Next: 70%
MP:   10/10         EV: 11    Int: 10    God:    Lugonu [*****.]
Gold: 105           SH:  0    Dex: 12    Spells: 6/6 levels left

rFire    . . .     SeeInvis +   a - +0 mace
rCold    . . .     Faith    .   (no shield)
rNeg     . . .     Spirit   .   b - +0 robe
rPois    .         Reflect  .   d - +1 hat
rElec    .         Harm     .   (no cloak)
rCorr    .         Rampage  .   h - +0 pair of gloves
Will     .....                  (no barding)
Stlth    ++........             (no amulet)
HPRegen  0.19/turn              (no ring)
MPRegen  0.12/turn              (no ring)

@: lightly drained, curled up
A: large, rugged brown scales 3, see invisible, deformed body, roll 1, armoured
tail, reflexive curl
a: Rolling Charge, Renounce Religion, Depart the Abyss, Bend Space, Banish,
Corrupt, Enter the Abyss


You were on level 5 of the Dungeon.
You worshipped Lugonu.
Lugonu was extremely pleased with you.
You visited 1 branch of the dungeon, and saw 5 of its levels.

You collected 147 gold pieces.
You spent 42 gold pieces at shops.

Inventory:

Hand Weapons
 a - a +0 mace (weapon)
Missiles
 c - 6 boomerangs
Armour
 b - a +0 robe (worn)
 d - a +1 hat (worn)
 h - a +0 pair of gloves (worn)
Jewellery
 g - a ring of fire
 j - a +6 ring of intelligence
Scrolls
 e - 4 scrolls of identify
 k - a scroll of vulnerability {unknown}
 m - 2 scrolls of teleportation {unknown}
 n - a scroll of magic mapping {unknown}
Potions
 f - a potion of heal wounds
 i - a potion of lignification {unknown}
 l - a potion of might {unknown}


   Skills:
 + Level 5.1 Fighting
 * Level 5.6 Maces & Flails
 + Level 4.2 Dodging
 - Level 1.5 Stealth
 + Level 4.1 Invocations


You had 6 spell levels left.
You didn't know any spells.
Your spell library contained the following spells:

 Spells                   Type           Power      Damage    Failure   Level
 Foxfire                  Conj/Fire      0%         2x1d4     36%         1
 Conjure Flame            Conj/Fire      0%         6-21      75%         3
 Inner Flame              Hex/Fire       0%         N/A       75%         3


Dungeon Overview and Level Annotations

Branches:
Dungeon (5/15)
 Temple: D:4-7

Altars:
Ashenzari
Zin
Lugonu

Shops:
D:4 *


Innate Abilities, Weirdness & Mutations

You are completely covered in rugged brown scales. (AC +3, +7% HP)
You have supernaturally acute eyesight. (SInv)
Armour fits poorly on your strangely shaped body.
You can roll at nearby foes to attack.
You have a long armoured tail.
You curl defensively after being hit.


Message History

2 yaks come into view.
The yak bellows!
You sock the yak!
Your tail-slap misses the yak.
The yak is moderately wounded.
The yak bellows! x4
The yak barely misses you.
You hit the yak.
The yak is moderately wounded.
The yak barely misses you.
You hit the yak.
The yak is heavily wounded.
The yak gores you.
You closely miss the yak.
The yak is heavily wounded.
The yak completely misses you.
You hit the yak but do no damage. The yak gores you!
You hit the yak. You tail-slap the yak.
The yak is moderately wounded.
The yak gores you but does no damage.
You closely miss the yak.
The yak is moderately wounded.
The yak gores you!
You barely miss the yak.
The yak is moderately wounded.
A necrophage comes into view.
The yak gores you!
You barely miss the yak. You tail-slap the yak.
The yak is moderately wounded.
The yak gores you!
* * * LOW HITPOINT WARNING * * *
You barely miss the yak.
The yak is moderately wounded.
The yak gores you!
* * * LOW HITPOINT WARNING * * *
You sock the necrophage!
The necrophage is heavily damaged.
The necrophage hits you.
* * * LOW HITPOINT WARNING * * *
You feel drained.
You die...

#.#..# #.#..# .) .....#
#..# ## #.##.# )# #..#
#.####8.# #..#
#....8⌠.####..##
#..8....##.....
..####### #..#########.
......... #...n@YYYYY..
...#.#######..##########
#### .........# ..
############.##.##
.....#######.#...#
####...<.......#
#########.#...# #.#####
#..


You could see 5 yaks and a necrophage.

Vanquished Creatures
  Sigmund (D:2)
  Purgy (D:4)
  A centaur (D:5)
  2 scorpions
  An orc priest (D:3)
  A hound (D:5)
  A centaur skeleton (D:4)
  A jelly (D:4)
  An iguana (D:5)
  An orc wizard (D:4)
  Natasha (thrice) (D:2)
  Robin (D:4)
  2 gnolls (D:4)
  5 adders
  An ufetubus (D:4)
  3 worms
  3 dart slugs
  6 orcs
  8 ball pythons
  4 bats
  5 endoplasms
  4 giant cockroaches
  8 hobgoblins
  7 jackals
  2 quokkas
  2 frilled lizards (D:3)
  12 goblins
  8 kobolds
  A rat (D:1)
96 creatures vanquished.

Notes
Turn   | Place    | Note
-------+----------+-------------------------------------------
     0 | D:1      | Destapler the Palentonga Monk began the quest for the Orb.
     0 | D:1      | Reached XP level 1. HP: 19/19 MP: 1/1
     2 | D:1      | Noticed a minotaur
     2 | D:1      | Noticed a merfolk
     4 | D:1      | Noticed a vine stalker
     6 | D:1      | Noticed a vampire
     6 | D:1      | Noticed a human
     8 | D:1      | Noticed a spriggan
     8 | D:1      | Noticed a dwarf
    10 | D:1      | Noticed a draconian
    12 | D:1      | Noticed a naga
    12 | D:1      | Noticed a troll
    14 | D:1      | Noticed a djinni
    14 | D:1      | Noticed a felid
    16 | D:1      | Noticed an ogre
    16 | D:1      | Noticed an elf
    18 | D:1      | Noticed a barachi
    18 | D:1      | Noticed an octopode
    20 | D:1      | Noticed a formicid
    20 | D:1      | Noticed a tengu
    22 | D:1      | Noticed a demonspawn
    22 | D:1      | Noticed a palentonga
    24 | D:1      | Noticed a gargoyle
    26 | D:1      | Noticed a demigod
    26 | D:1      | Noticed a ghoul
   137 | D:1      | Found a faded altar of an unknown god.
   146 | D:1      | Became a worshipper of Lugonu the Unformed
   146 | D:1      | Reached * piety under Lugonu
   146 | D:1      | Reached ** piety under Lugonu
   146 | D:1      | Reached *** piety under Lugonu
   283 | D:1      | Reached XP level 2. HP: 25/25 MP: 2/2
   725 | D:2      | Noticed Sigmund
   732 | D:1      | Reached XP level 3. HP: 14/31 MP: 3/3
   973 | D:2      | Found a broken altar of Ashenzari.
   977 | D:2      | Noticed Natasha
   979 | D:2      | Killed Natasha
   980 | D:2      | Reached skill level 1 in Invocations
  1015 | D:2      | Noticed Natasha
  1028 | D:2      | Killed Natasha
  1029 | D:2      | Reached XP level 4. HP: 14/37 MP: 3/5
  1345 | D:2      | Noticed Natasha
  1363 | D:2      | Killed Natasha
  1642 | D:2      | Killed Sigmund
  1642 | D:2      | Reached **** piety under Lugonu
  1643 | D:2      | Reached XP level 5. HP: 13/44 MP: 4/6
  2249 | D:3      | Reached XP level 6. HP: 47/51 MP: 6/8
  2882 | D:4      | Found Afoong's General Store.
  2885 | D:4      | Bought a potion of degeneration for 14 gold pieces
  2885 | D:4      | Bought a scroll of identify for 28 gold pieces
  3329 | D:4      | Noticed Robin
  3368 | D:4      | Killed Robin
  3457 | D:4      | Found a glowing silver altar of Zin.
  3625 | D:4      | Gained mutation: You curl defensively after being hit.
                  | [Palentonga growth]
  3625 | D:4      | Reached XP level 7. HP: 50/58 MP: 9/9
  3709 | D:4      | Noticed Purgy
  3715 | D:4      | Killed Purgy
  3716 | D:4      | Reached skill level 5 in Maces & Flails
  3831 | D:4      | Reached ***** piety under Lugonu
  4335 | D:5      | Entered Level 5 of the Dungeon
  4445 | D:5      | Reached skill level 5 in Fighting
  5205 | D:5      | Noticed a yak
  5205 | D:5      | Noticed a yak
  5205 | D:5      | Noticed a yak
  5206 | D:5      | Noticed a yak
  5206 | D:5      | Noticed a yak
  5216 | D:5      | HP: 1/59 [necrophage (2)]
  5216 | D:5      | Slain by a necrophage

Illustrated notes

Levels and vault maps discovered:
D:1:      kb_arrival_jail, layout_loops_ring,
          hellmonk_ecumenical_altar_prayer_group
D:2:      layout_loops_ring, basic_altar, uniq_natasha, uniq_sigmund
D:3:      layout_rooms
D:4:      layout_basic, zin_statuary, serial_shops, nicolae_stop_n_shop_2,
          uniq_robin, uniq_purgy
D:5:      layout_loops_ring, nicolae_wu_jian_immortal_techniques,
          minmay_temple_entry_offerings, ebering_ghost_rock_garden,
          chequers_decorated_corner

Skill      XL: |  1  2  3  4  5  6  7 |
---------------+----------------------+-----
Invocations    | 1 2 3 4 |  4.1
Dodging        | 3 4 |  4.2
Fighting       | 4 5 |  5.1
Maces & Flails | 4 5 |  5.6
Stealth        | |  1.5

Action                   |  1- 3 |  4- 6 |  7- 9 || total
-------------------------+-------+-------+-------++-------
Melee: Mace              |    69 |   184 |    94 ||   347
       Tailslap          |    11 |    32 |    10 ||    53
Invok: Bend Space        |       |     2 |       ||     2
 Abil: Rolling Charge    |    24 |    43 |     7 ||    74
  Use: Potion            |       |     4 |     1 ||     5
       Scroll            |       |     1 |       ||     1
Armor: Robe              |    29 |    88 |    48 ||   165
Dodge: Dodged            |    36 |   127 |    86 ||   249
